Map: Lock & Load

Players

StoicLoofah

  • Race: Zerg Zerg
  • Spawn Location: 7:00

maemar

  • Race: Protoss Protoss
  • Spawn Location: 6:00

VOD

Have the link to the VOD?

Description

Time

  • Played on: March 24, 2018, 11:02 p.m.
  • Length: 25:24
Show
View Real Time Build Order
Export as new Build Order

StoicLoofah Zerg 

Build Orders:  

Get SALT Encoding   

  12  0:03  Drone  
  13  0:18  Overlord  
  13  0:28  Drone  
  14  0:44  Drone  
  14  0:45  Drone  
  16  0:51  Extractor  
  16  0:52  Extractor  
  16  0:59  Drone  
  15  1:05  Drone  
  16  1:17  Drone  
  17  1:32  Drone  
  18  1:42  Evolution Chamber  
  18  1:48  Drone  
  18  2:02  Drone  
  19  2:24  Spawning Pool  
  18  2:33  Drone  
  18  2:34  Lair  
  19  2:43  Drone  
  20  2:57  Drone  
  21  3:03  Overlord  
  21  3:20  Drone  
  21  3:23  Heroic Fortitude  
  22  3:34  Zerg Melee Weapons Level 1  
  22  3:39  Drone  
  23  3:52  Zergling x2  
  26  4:12  Zergling x2  
  27  4:21  Drone  
  28  4:33  Drone  
  29  4:45  Queen  
  29  5:04  Drone  
  29  5:08  Hatchery  
  29  5:16  Drone  
  29  5:18  Overlord  
  30  5:30  Spire  
  29  5:41  Drone  
  30  5:51  Zergling x10  
  33  6:27  Drone  
  33  6:28  Drone x3  
  39  6:32  Zerg Missile Weapons Level 1  
  39  6:47  Hydralisk Den  
  38  6:56  Drone x6  
  38  6:59  Overlord x2, Extractor  
  43  7:01  Extractor  
  42  7:12  Queen  
  42  7:33  Drone  
  42  7:34  Drone x6  
  49  7:44  Muscular Augments  
  48  8:00  Drone  
  48  8:01  Drone x3  
  48  8:07  Metabolic Boost  
  52  8:13  Drone  
  52  8:14  Drone  
  54  8:23  Overlord x4  
  50  9:12  Hydralisk x2  
  50  9:13  Hydralisk x8  
  70  9:29  Drone  
  71  9:30  Drone x7  
  78  9:42  Zerg Ground Armor Level 1  
  78  9:43  Evolution Chamber  
  77  9:53  Overlord x3  
  77  10:09  Spine Crawler  
  76  10:11  Spine Crawler  
  75  10:26  Hydralisk  
  75  10:27  Hydralisk x4  
  85  10:59  Spine Crawler  
  84  11:00  Spore Crawler  
  84  11:01  Spine Crawler  
  84  11:08  Hydralisk  
  84  11:09  Hydralisk x5  
  94  11:23  Overseer  
  90  11:59  Hydralisk x6  
  102  12:00  Hydralisk x7  
  116  12:13  Hive  
  104  12:40  Zerg Missile Weapons Level 2  
  104  13:01  Zerg Ground Armor Level 2  
  92  14:07  Ultralisk Cavern  
  91  14:16  Overlord x2  
  91  14:17  Overlord x5  
  91  14:18  Overlord x2  
  91  14:33  Evolution Chamber  
  88  15:02  Ultralisk  
  88  15:03  Ultralisk x7  
  136  15:15  Zerg Melee Weapons Level 2  
  136  15:48  Hydralisk  
  136  15:49  Hydralisk x5  
  148  16:10  Chitinous Plating  
  148  16:20  Zerg Missile Weapons Level 3  
  148  16:56  Zerg Ground Armor Level 3  
  148  16:57  Hydralisk  
  148  16:58  Hydralisk  
  152  17:00  Zergling x12  
  152  17:01  Zergling x28  
  172  17:17  Overlord x3  
  152  17:57  Hydralisk x6  
  152  17:58  Hydralisk x3  
  166  19:05  Zerg Melee Weapons Level 3  
  164  19:23  Hardened Carapace  
  118  19:30  Hydralisk x6  
  164  19:31  Hydralisk  
  160  21:06  Hydralisk x7  
  160  21:07  Hydralisk x4  
  169  22:22  Hydralisk  
  169  22:23  Hydralisk x9  
  180  23:01  Zergling x2  
  180  23:02  Zergling x8  
  176  23:55  Hydralisk  
  176  23:56  Hydralisk x9  
Show
View Real Time Build Order
Export as new Build Order

maemar Protoss 

Build Orders:  

Get SALT Encoding   

  12  0:05  Probe (Chrono Boost)  
  13  0:29  Pylon  
  13  0:30  Probe (Chrono Boost)  
  14  0:44  Probe (Chrono Boost)  
  15  0:58  Probe (Chrono Boost)  
  16  1:12  Probe (Chrono Boost)  
  17  1:24  Gateway  
  17  1:26  Probe (Chrono Boost)  
  17  1:28  Assimilator  
  18  1:40  Probe (Chrono Boost)  
  19  1:54  Probe (Chrono Boost)  
  19  1:59  Pylon  
  20  2:03  Pylon  
  20  2:07  Probe (Chrono Boost)  
  21  2:21  Probe (Chrono Boost)  
  22  2:32  Gateway  
  22  2:35  Probe (Chrono Boost)  
  23  2:49  Assimilator, Probe (Chrono Boost)  
  24  3:03  Probe (Chrono Boost)  
  24  3:06  Zealot  
  24  3:07  Zealot  
  29  3:17  Probe (Chrono Boost)  
  30  3:56  Cybernetics Core  
  30  3:59  Pylon  
  30  4:03  Pylon  
  30  4:11  Pylon  
  30  4:12  Zealot  
  30  4:13  Zealot x2  
  30  4:14  Zealot  
  38  4:59  Death Council  
  38  5:04  Gateway  
  38  5:06  Gateway  
  38  5:16  Dragoon  
  38  5:17  Dragoon x2  
  44  6:00  Nexus  
  44  6:07  Probe (Chrono Boost)  
  45  6:21  Probe (Chrono Boost)  
  46  6:34  Probe (Chrono Boost)  
  47  6:48  Probe (Chrono Boost)  
  48  6:59  Dragoon  
  50  7:00  Dragoon  
  50  7:01  Dragoon  
  50  7:02  Probe (Chrono Boost)  
  55  7:12  Pylon  
  55  7:17  Pylon  
  51  7:20  Pylon  
  47  7:43  Probe (Chrono Boost)  
  47  7:48  Probe (Chrono Boost)  
  49  7:57  Probe (Chrono Boost)  
  49  7:59  Assimilator  
  50  8:01  Probe (Chrono Boost)  
  50  8:05  Assimilator  
  51  8:11  Probe (Chrono Boost)  
  51  8:15  Probe (Chrono Boost)  
  51  8:16  Forge x2  
  53  8:25  Probe (Chrono Boost)  
  53  8:29  Probe (Chrono Boost)  
  54  8:38  Probe (Chrono Boost), Zealot x2  
  54  8:39  Zealot  
  60  8:43  Probe (Chrono Boost)  
  49  9:12  Zealot x3  
  49  9:13  Zealot x4  
  49  9:14  Zealot  
  49  9:16  Charge  
  65  9:28  Probe (Chrono Boost)  
  66  9:34  Singularity Charge  
  66  9:41  Probe (Chrono Boost)  
  66  9:42  Probe (Chrono Boost)  
  68  9:55  Probe x2 (Chrono Boost)  
  70  10:09  Probe x2 (Chrono Boost)  
  72  10:23  Probe x2 (Chrono Boost)  
  72  10:27  Ascendant Archives  
  68  10:32  Forge  
  68  10:34  Whirlwind  
  68  10:37  Probe (Chrono Boost)  
  63  10:51  Probe (Chrono Boost)  
  63  10:53  Dragoon x2  
  63  10:54  Dragoon x4  
  63  10:55  Dragoon  
  78  11:29  Gateway  
  78  11:32  Gateway  
  78  11:34  Gateway  
  78  11:37  Gateway  
  76  12:04  Trillic Compresion Mesh  
  76  12:35  Zealot x2  
  76  12:36  Zealot x3  
  76  12:37  Zealot x3  
  76  12:39  Zealot x3  
  92  12:40  Zealot  
  94  12:58  Protoss Ground Weapons Level 1  
  94  12:59  Protoss Ground Armor Level 1  
  90  13:00  Protoss Shields Level 1  
  90  13:05  Zealot x2  
  90  13:06  Zealot x3  
  100  13:11  Dragoon  
  92  13:33  Pylon  
  92  13:34  Pylon  
  92  13:36  Pylon  
  92  13:38  Pylon  
  68  13:40  Pylon  
  68  13:42  Pylon  
  68  13:47  Pylon  
  68  13:49  Pylon  
  56  13:52  Pylon  
  56  13:55  Pylon  
  52  14:06  High Templar  
  52  14:07  High Templar x2  
  52  14:08  High Templar x2  
  52  14:09  High Templar  
  64  14:10  High Templar  
  64  14:11  High Templar  
  68  14:26  Psionic Storm  
  68  14:42  Archon x3  
  68  14:43  Archon  
  68  14:56  Khaydarin Amulet  
  68  15:18  Dragoon  
  68  15:19  Dragoon x3  
  76  15:20  Dragoon x3  
  76  15:21  Dragoon x2  
  76  15:22  Dragoon  
  76  15:23  Dragoon x2  
  76  15:24  Dragoon x3  
  98  15:42  Protoss Ground Weapons Level 2  
  98  15:43  Protoss Ground Armor Level 2  
  98  15:45  Protoss Shields Level 2  
  98  16:47  Zealot x3  
  98  16:48  Zealot x3  
  98  16:49  Zealot x2  
  114  16:50  Zealot x3  
  114  16:51  Zealot x4  
  74  18:06  Zealot  
  74  18:07  Zealot x3  
  74  18:08  Zealot x2  
  74  18:09  Zealot  
  68  18:10  Zealot x4  
  68  18:11  Zealot x3  
  68  18:12  Zealot x4  
  70  18:52  Zealot  
  70  18:53  Zealot x2  
  76  19:04  Plasma Surge  
  76  19:38  Dragoon x3  
  76  19:39  Dragoon x4  
  90  19:40  Dragoon x4  
  90  21:04  Zealot x2  
  90  21:05  Zealot x3  
  90  21:09  Dragoon x2  
  104  21:10  Dragoon x4  
  104  21:11  Dragoon x3  
  104  21:12  Dragoon  
  104  21:13  Dragoon x2  
  104  21:14  Dragoon  
  126  21:47  Zealot x2  
  126  21:48  Zealot  
  126  21:49  Zealot x3  
  134  21:50  Zealot x2  
  128  23:37  Zealot x2  
  128  23:38  Zealot x3  
  128  23:39  Zealot x2  
  138  23:40  Zealot x4  
  138  23:41  Zealot  
  138  23:43  Zealot  
  144  24:10  Zealot  
  144  24:11  Zealot x3  
  144  24:12  Zealot x4  
  144  24:13  Zealot  
  144  24:17  Dragoon x2  
  144  24:18  Dragoon x2  
  144  24:19  Dragoon  
  172  24:20  Dragoon  
Tags
 
Add a new tag
Caveats
  • Supply blocks, unpowered buildings, or Contaminate may cause inaccurate times.
  • Supply counts are checked every 10 seconds.